 Dungeon Crawl Stone Soup version 0.27-a0-988-g25969acef8 (webtiles) character file.

Game seed: 6856287900479411505

1754 jestyr24 the Covert (level 8, -2/36 HPs)
             Began as a Spriggan Conjurer on Apr 15, 2021.
             Was a Believer of Dithmenos.
             Slain by a hornet zombie (8 damage)
             ... on level 6 of the Dungeon.
             The game lasted 00:51:18 (7066 turns).

jestyr24 the Covert (Spriggan Conjurer)             Turns: 7066, Time: 00:51:18

Health: -2/36      AC:  2    Str:  3    XL:     8   Next: 78%
Magic:  13/22      EV: 17    Int: 21    God:    Dithmenos [**....]
Gold:   271        SH:  0    Dex: 14    Spells: 12/25 levels left

rFire    + + .     SeeInvis +   k - +2 dagger (pain)
rCold    . . .     Faith    .   (shield restricted)
rNeg     . . .     Spirit   .   a - +0 robe
rPois    +         Reflect  .   (helmet restricted)
rElec    .         Harm     .   (no cloak)
rCorr    .         Rampage  .   (gloves unavailable)
Will     +....     Clarity  +   (boots unavailable)
Stlth    ++++++....             (no amulet)
HPRegen  0.12/turn              h - ring of poison resistance
MPRegen  0.18/turn              c - ring of protection from fire

@: wreathed by umbra, studying Evocations, very quick
A: very small, no large weapons, unfitting armour, see invisible, speed 3,
clarity, fire resistance 1
a: Renounce Religion, Shadow Step


You were on level 6 of the Dungeon.
You worshipped Dithmenos.
Dithmenos was pleased with you.
You visited 2 branches of the dungeon, and saw 7 of its levels.
You also visited: Ossuary.

You collected 271 gold pieces.

Inventory:

Hand Weapons
 i - a +0 fustibalus
 k - a +2 dagger of pain (weapon)
 m - a +1 dagger of venom
 o - a +2 flail of draining
 p - a +2 hunting sling of freezing
Missiles
 b - 10 poisoned darts (quivered)
Armour
 a - a +0 robe (worn)
Jewellery
 c - a ring of protection from fire (right hand)
 h - a ring of poison resistance (left hand)
Wands
 l - a wand of polymorph (12)
 q - a wand of acid (8)
 s - a wand of iceblast (10)
 x - a wand of digging (5)
Scrolls
 d - 2 scrolls of vulnerability
 f - 2 scrolls of fog
 g - 4 scrolls of identify
 j - 5 scrolls of teleportation
 n - 3 scrolls of immolation
 r - 2 scrolls of enchant armour {unknown}
 u - 3 scrolls of amnesia
Potions
 e - 2 potions of brilliance
 t - 5 potions of curing
 v - a potion of heal wounds


   Skills:
 - Level 3.0 Dodging
 + Level 10.1 Stealth
 + Level 9.4 Spellcasting
 + Level 4.4 Conjurations
 * Level 1.0 Hexes
 * Level 3.4 Translocations
 * Level 2.7 Evocations


You had 12 spell levels left.
You knew the following spells:

 Your Spells              Type           Power      Damage    Failure   Level
a - Magic Dart            Conj           100%       1d8       1%          1
b - Searing Ray           Conj           56%        3d5       1%          2
c - Fulminant Prism       Conj/Hex       10%        3d9       22%         4
d - Iskenderun's Mystic   Conj/Tloc      26%        2d7       14%         4
e - Ensorcelled Hibernat  Hex/Ice        24%        N/A       9%          2

Your spell library contained the following spells:

 Spells                   Type           Power      Damage    Failure   Level
 Corona                   Hex            15%        N/A       4%          1
 Sandblast                Erth           18%        2d7       7%          1
 Slow                     Hex            14%        N/A       7%          2
 Dazzling Flash           Conj/Hex       42%        N/A       7%          3
 Portal Projectile        Hex/Tloc       38%        N/A       9%          3
 Stone Arrow              Conj/Erth      38%        3d9       9%          3
 Passwall                 Tmut/Erth      7%         N/A       11%         2
 Confusing Touch          Hex            14%        N/A       14%         3
 Tukima's Dance           Hex            14%        N/A       14%         3
 Inner Flame              Hex/Fire       12%        N/A       17%         3
 Cause Fear               Hex            7%         N/A       41%         4
 Leda's Liquefaction      Hex/Erth       6%         N/A       50%         4
 Petrify                  Tmut/Erth      9%         N/A       56%         4
 Lee's Rapid Deconstruct  Erth           4%         3d6*      88%         5


Dungeon Overview and Level Annotations

Branches:
Dungeon (6/15)             Temple (1/1) D:4         Ossuary (visited)

Altars:
Ashenzari
Cheibriados
Dithmenos
Elyvilon
Fedhas
Gozag
Kikubaaqudgha
Makhleb
Okawaru
Qazlal
Sif Muna
Uskayaw
Vehumet
Wu Jian
Xom
Yredelemnul
Zin
The Shining One


Innate Abilities, Weirdness & Mutations

You are very small and have problems with some larger weapons.
You are too small for most types of armour.
You have supernaturally acute eyesight. (SInv)
You cover ground extremely quickly. (Speed+++)
You possess an exceptional clarity of mind.
Your flesh is heat resistant. (rF+)


Message History

A hornet zombie comes into view.
The hornet zombie hits you.
You barely miss the hornet zombie. The hornet zombie hits you.
Casting: Ensorcelled Hibernation (safe; 9% risk of failure)
Confirm with . or Enter, or press ? or * to list all spells.
Aiming: Searing Ray (safe; 1% risk of failure)
Press: ? - help, Shift-Dir - straight line, f - hornet zombie
Aim: a hornet zombie (umbra, 82% to hit)
The searing ray hits the hornet zombie.
The hornet zombie is lightly damaged. (Press . to maintain the ray.)
The hornet zombie hits you.
The searing ray hits the hornet zombie!
The hornet zombie is moderately damaged.
The hornet zombie misses you. The hornet zombie hits you.
The searing ray hits the hornet zombie!
The hornet zombie is heavily damaged.
The hornet zombie hits you!
The searing ray hits the hornet zombie!
The hornet zombie is heavily damaged.
You finish channeling your searing ray.
The hornet zombie closely misses you.
Casting: Searing Ray (safe; 1% risk of failure)
Confirm with . or Enter, or press ? or * to list all spells.
Aiming: Searing Ray (safe; 1% risk of failure)
Press: ? - help, Shift-Dir - straight line, f/p - hornet zombie
Aim: a hornet zombie (heavily damaged, umbra, 82% to hit)
The searing ray hits the hornet zombie.
The hornet zombie is severely damaged. (Press . to maintain the ray.)
The hornet zombie misses you. The hornet zombie barely misses you.
The searing ray misses the hornet zombie.
The hornet zombie misses you.
The searing ray misses the hornet zombie.
The hornet zombie closely misses you.
The searing ray hits the hornet zombie!
The hornet zombie is almost destroyed.
You finish channeling your searing ray.
The hornet zombie hits you!
* * * LOW HITPOINT WARNING * * *
The hornet zombie hits you!
You die...

.###..# #.##.# #..#
#.##.### #.. ##.##...## #..
...........# ##.# #.#
#########..# ...# #.# #..#
#..# #.# #..# #..# #Z# #..#
#[.# #@# #..# #..# #.#
##### #..# #.###..###.#
#...#####..# #.>........#
#..........#
#####...########...########
##............##
##.#########.#
#........†..# #############


You could see a hornet zombie.

Vanquished Creatures
  A yak (D:4)
  Edmund (D:4)
  Menkaure (Ossuary)
  A water moccasin (D:6)
  2 necrophages
  A sky beast (D:6)
  3 ogres
  A phantom (D:5)
  A scorpion (D:6)
  A bullfrog zombie (D:6)
  2 centaur zombies (Ossuary)
  A centaur skeleton (D:5)
  A jelly (D:6)
  2 hounds (D:6)
  An iguana (D:4)
  2 orc wizards (D:6)
  3 ogre zombies (Ossuary)
  7 mummies
  7 adders
  An ufetubus (D:5)
  An adder skeleton (D:4)
  3 adder zombies (Ossuary)
  A worm (D:3)
  2 dart slugs (D:2)
  7 orcs
  6 ball pythons
  4 endoplasms
  A giant cockroach (D:3)
  7 goblins
  2 hobgoblins
  4 quokkas
  5 bats
  A gnoll zombie (Ossuary)
  7 goblin zombies (Ossuary)
  A hobgoblin zombie (Ossuary)
  3 kobolds
  2 kobold zombies (Ossuary)
  4 orc zombies
  4 quokka zombies (Ossuary)
  2 rats
  5 rat zombies (Ossuary)
112 creatures vanquished.

Notes
Turn   | Place    | Note
-------+----------+-------------------------------------------
     0 | D:1      | jestyr24 the Spriggan Conjurer began the quest for the Orb.
     0 | D:1      | Reached XP level 1. HP: 9/9 MP: 5/5
    42 | D:1      | Upgraded the game from 0.27-a0-978-g2aa4ecdaef to
                  | 0.27-a0-988-g25969acef8
   386 | D:2      | Reached XP level 2. HP: 13/13 MP: 0/6
  1601 | D:2      | Reached XP level 3. HP: 8/16 MP: 0/8
  2749 | D:4      | Reached XP level 4. HP: 21/21 MP: 1/10
  2866 | D:4      | Reached skill level 4 in Stealth
  3064 | D:4      | Noticed a yak
  3110 | D:4      | Killed a yak
  3111 | D:4      | Reached skill level 5 in Stealth
  3111 | D:4      | Reached skill level 5 in Spellcasting
  3111 | D:4      | Reached XP level 5. HP: 24/24 MP: 12/14
  3111 | D:4      | Reached XP level 6. HP: 28/28 MP: 12/15
  3245 | D:4      | Noticed Edmund
  3256 | D:4      | Learned a level 2 spell: Searing Ray
  3293 | D:4      | Killed Edmund
  3409 | D:4      | Found a staircase to the Ecumenical Temple.
  3415 | D:4      | Reached skill level 6 in Stealth
  3420 | Temple   | Entered the Ecumenical Temple
  3522 | Temple   | Became a worshipper of Dithmenos the Shadowed
  3943 | D:5      | Entered Level 5 of the Dungeon
  3988 | D:5      | Reached XP level 7. HP: 12/32 MP: 5/19
  4113 | D:5      | Found a sand-covered staircase.
  4385 | Ossuary  | Entered an ossuary
  4391 | Ossuary  | Reached skill level 7 in Stealth
  4617 | Ossuary  | Reached * piety under Dithmenos
  4951 | Ossuary  | Noticed Menkaure
  4970 | Ossuary  | Learned a level 4 spell: Fulminant Prism
  5112 | Ossuary  | Learned a level 4 spell: Iskenderun's Mystic Blast
  5154 | Ossuary  | Killed Menkaure
  5155 | Ossuary  | Reached skill level 8 in Stealth
  5155 | Ossuary  | Reached skill level 1 in Evocations
  5157 | Ossuary  | Reached ** piety under Dithmenos
  5242 | Ossuary  | Reached XP level 8. HP: 36/36 MP: 10/21
  5314 | Ossuary  | Gained mutation: You possess an exceptional clarity of
                  | mind. [potion of mutation]
  5314 | Ossuary  | Gained mutation: Your flesh is heat resistant. (rF+)
                  | [potion of mutation]
  5417 | D:5      | Found an ancient bone altar of Kikubaaqudgha.
  5417 | D:5      | Found a snail-covered altar of Cheibriados.
  5424 | D:5      | Learned a level 2 spell: Ensorcelled Hibernation
  5431 | D:5      | Reached skill level 1 in Translocations
  5473 | D:5      | Found a white marble altar of Elyvilon.
  5473 | D:5      | Found a shimmering blue altar of Sif Muna.
  6104 | D:6      | Reached skill level 9 in Stealth
  6755 | D:6      | Reached skill level 10 in Stealth
  6951 | D:6      | Reached skill level 1 in Hexes
  7066 | D:6      | Slain by a hornet zombie

Illustrated notes

Levels and vault maps discovered:
D:1:      dpeg_arrival_three_same_balls, layout_loops_ring,
          shapermc_ecumenical_altar_venn, serial_shops, nicolae_shop_trees
D:2:      layout_loops_ring, minmay_fractal_squares_gapless_5
D:3:      layout_loops_ring
D:4:      layout_basic, temple_green, minmay_manual_mail, uniq_edmund
D:5:      layout_loops_corners, chequers_temple_overflow_statue_of_worship,
          nicolae_ossuary_entry_giza
D:6:      layout_loops_ring, grunt_tough_drop
Temple:   jpeg_temple_clearing

Skill      XL: |  1  2  3  4  5  6  7  8 |
---------------+-------------------------+-----
Conjurations   | 3 4 |  4.4
Spellcasting   | 3 5 7 8 9 |  9.4
Dodging        | 3 |  3.0
Stealth        | 5 6 8 10 | 10.1
Evocations     | 2 |  2.7
Translocations | 3 |  3.4
Hexes          | 1 |  1.0

Action                   |  1- 3 |  4- 6 |  7- 9 || total
-------------------------+-------+-------+-------++-------
Melee: Dagger            |    35 |    25 |    84 ||   144
Throw: Dart              |       |    20 |     3 ||    23
 Cast: Magic Dart        |    84 |    21 |    27 ||   132
       Searing Ray       |       |    11 |    31 ||    42
       Ensorcelled Hiber |       |       |     3 ||     3
  Use: Scroll            |       |     1 |     9 ||    10
       Potion            |       |       |     2 ||     2
 Stab: Sleeping          |       |       |    20 ||    20
Armor: Robe              |     3 |       |    10 ||    13
Dodge: Dodged            |    31 |    24 |    81 ||   136

Table legend: (Time is in decaauts)
 A = Elapsed time spent in this place.
 B = Non-inter-level travel time spent in this place.
 C = Inter-level travel time spent in this place.
 D = Time resting spent in this place.
 E = Time spent auto-exploring this place.
 F = Levels seen in this place.
 G = Mean time per level.
                   A        B        C        D        E       F      G
               +--------+--------+--------+--------+--------+-----+--------+
         Total |   5382 |   5267 |    115 |   1576 |   2221 |   8 |  672.8 |
       Dungeon |   4552 |   4437 |    115 |   1286 |   2168 |   6 |  758.7 |
        Temple |     78 |     78 |      0 |      0 |     53 |   1 |   78.0 |
       Ossuary |    752 |    752 |      0 |    290 |      0 |   1 |  752.0 |
               +--------+--------+--------+--------+--------+-----+--------+

Top non-repeatable levels by time:
     D:5: 1157 daAuts
     D:4: 873 daAuts
     D:2: 788 daAuts
 Ossuary: 752 daAuts
     D:3: 735 daAuts
     D:6: 515 daAuts
     D:1: 482 daAuts
  Temple: 78 daAuts
